 Dungeon Crawl Stone Soup version 0.28.0-53-g5a82cb258f (webtiles) character file.

Game seed: 16198606881583991715

53 PentaManta the Chopper (level 3, -4/23 HPs)
             Began as a Gargoyle Berserker on June 18, 2022.
             Was a Believer of Trog.
             Killed from afar by Sigmund (6 damage)
             ... with a puff of flame
             ... on level 2 of the Dungeon.
             The game lasted 00:01:53 (1396 turns).

PentaManta the Chopper (Gargoyle Berserker)         Turns: 1396, Time: 00:01:55

Health: -4/23      AC: 11    Str: 22    XL:     3   Next: 87%
Magic:  3/3        EV: 10    Int:  7    God:    Trog [**....]
Gold:   30         SH:  0    Dex:  9    Spells: 2/2 levels left

rFire   . . .      SeeInvis .   a - +0 hand axe
rCold   . . .      Faith    .   (no shield)
rNeg    + . .      Spirit   .   l - +0 scale mail
rPois   ∞          Reflect  .   i - +1 helmet
rElec   +          Harm     .   (no cloak)
rCorr   .          Rampage  .   (no gloves)
Will    .....                   (no boots)
Stlth   ..........              (no amulet)
HPRegen 0.07/turn               (no ring)
MPRegen 0.08/turn               (no ring)

@: on berserk cooldown, slowed, very slow
A: sickness immunity, AC +3, negative energy resistance 1, electricity
resistance, torment resistance 1, petrification resistance
a: Renounce Religion, Berserk, Trog's Hand


You were on level 2 of the Dungeon.
You worshipped Trog.
Trog was pleased with you.
You visited 1 branch of the dungeon, and saw 2 of its levels.

You collected 30 gold pieces.

Inventory:

Hand Weapons
 a - a +0 hand axe (weapon)
Armour
 b - a +0 animal skin
 i - a +1 helmet (worn)
 l - a +0 scale mail (worn)
 m - a +0 plate armour
Wands
 n - a wand of charming (11)
Scrolls
 d - a scroll of enchant armour {unknown}
 e - a scroll of teleportation {unknown}
 f - a scroll of noise {unknown}
 g - a scroll of magic mapping {unknown}
 h - a scroll of amnesia {unknown}
 j - a scroll of identify {unknown}
Potions
 c - a potion of flight {unknown}
 k - a potion of curing {unknown}


   Skills:
 - Level 3.2 Fighting
 + Level 4.2 Axes
 - Level 2.1 Armour
 - Level 1.5 Dodging


You had 2 spell levels left.
You didn't know any spells.
Your spell library was empty.

Dungeon Overview and Level Annotations

Branches:
Dungeon (2/15)

Altars:
Qazlal

Annotations:
D:2 Sigmund


Innate Abilities, Weirdness & Mutations

You are immune to sickness and miasma.
Your stone body is resilient. (AC +3)
You are immune to poison.
You resist negative energy. (rN+)
You are resistant to electric shocks. (rElec)
You are resistant to unholy torment.
You are immune to petrification.


Message History

The ball python closely misses you. The kobold hits you but does no damage.
You closely miss the kobold. You hit the ball python.
You kill the ball python!
Trog accepts your kill.
You hit the rat.
You kill the rat!
Trog accepts your kill. Something hits you.
The kobold hits you but does no damage.
You barely miss the kobold. You barely miss the hobgoblin.
A bat comes into view.
A rat comes into view.
You completely miss the kobold. You slash the hobgoblin!
You kill the hobgoblin!
Trog accepts your kill. The kobold barely misses you. Something hits you.
You closely miss the kobold. The kobold hits you but does no damage.
You closely miss the kobold. The bat completely misses you. Something hits you.
You closely miss the kobold. You closely miss the bat.
The bat barely misses you. The bat hits you.
The kobold hits you but does no damage. The bat barely misses you.
You slash the kobold!
You kill the kobold!
Trog accepts your kill.
You closely miss the bat. Something hits you.
* * * LOW HITPOINT WARNING * * *
The bat hits you but does no damage. The bat hits you but does no damage.
Things that are here:
a +0 dagger; 3 stones; a kobold corpse You feel a strong urge to attack something.
The bat barely misses you. The rat bites you but does no damage.
The bat misses you. Something hits you.
* * * LOW HITPOINT WARNING * * *
Unknown command.
You feel your anger nearly subside.
You are no longer berserk.
You are exhausted.
You feel yourself slow down. The bat barely misses you.
You hear some strange, mumbled words.
A puff of flame appears from out of thin air!
The puff of flame hits you.
You die...

.. ................
...... #..............
...... #..#....(.....#
......####.............#
........).........[.....
...........##.#.##...#.#
.......#{#.##...........
........b).......##....#
.......@#.......###..###
.......#.r.##........# #
..........##..#..<#..###
........................
....#...................
..........#########.####
........#.. #.. #
........##. #..# ...#


You could see a bat and a rat.

Vanquished Creatures
  An adder (D:2)
  A dart slug (D:1)
  3 bats (D:1)
  2 endoplasms (D:1)
  A giant cockroach (D:1)
  6 hobgoblins
  3 jackals (D:2)
  3 quokkas
  6 ball pythons
  3 frilled lizards (D:1)
  3 goblins
  2 kobolds
  5 rats
39 creatures vanquished.

Vanquished Creatures (others)
  5 plants (D:1)
5 creatures vanquished.

Grand Total: 44 creatures vanquished

Notes
Turn   | Place    | Note
-------+----------+-------------------------------------------
     0 | D:1      | PentaManta the Gargoyle Berserker began the quest for the
                  | Orb.
     0 | D:1      | Reached XP level 1. HP: 14/14 MP: 1/1
   216 | D:1      | Reached skill level 3 in Axes
   445 | D:1      | Reached XP level 2. HP: 18/19 MP: 2/2
  1001 | D:1      | Reached XP level 3. HP: 23/23 MP: 3/3
  1023 | D:1      | Reached ** piety under Trog
  1227 | D:2      | Reached skill level 4 in Axes
  1256 | D:2      | Found a stormy altar of Qazlal.
  1381 | D:2      | Noticed Sigmund
  1396 | D:2      | Killed from afar by Sigmund

Illustrated notes

Levels and vault maps discovered:
D:1:      mainiacjoe_arrival_reflecting_pool, layout_loops_ring,
          serial_bayou_pond_c, serial_bayou_pond_d, minmay_misc_feat_diagonals
D:2:      layout_rooms, basic_altar, uniq_sigmund

Skill      XL: |  1  2  3 |
---------------+----------+-----
Axes           | 3 4 |  4.2
Fighting       | |  3.2
Armour         | |  2.1
Dodging        | |  1.5

Action                   || total
-------------------------++-------
Melee: Hand axe          ||   114
       Punch             ||     1
Invok: Berserk           ||     1
 Stab: Sleeping          ||     1
Armor: Animal skin       ||    42
       Scale mail        ||    25
Dodge: Dodged            ||    91
